[Event "BSV - Berliner Einzelmeisterschaft 2025 "]
[Site "Berlin, Germany"]
[Date "2025.04.25"]
[Round "7.7"]
[White "Jahnz, Fabian"]
[Black "Ermitsch, Magnus"]
[Result "0-1"]
[ECO "B52"]
[WhiteElo "2242"]
[BlackElo "2401"]
[PlyCount "128"]
[GameId "2170635390021805"]
[EventDate "2025.??.??"]
[TimeControl "40/6600:1800+30"]

1. e4 c5 2. Nf3 d6 3. Bb5+ Bd7 4. Bxd7+ Qxd7 5. O-O Nf6 6. Qe2 Nc6 7. Rd1 g5 8. c3 g4 9. Ne1 Qe6 10. d3 d5 11. Be3 b6 12. Na3 Bg7 13. Nb5 Qd7 14. Bf4 O-O 15. Bg5 Ne5 16. Bxf6 exf6 17. d4 Nc4 18. a4 a6 19. Na3 Nxa3 20. Rxa3 cxd4 21. Rxd4 Rfe8 22. Qd1 Qe6 23. Rxd5 Qxe4 24. Ra1 f5 25. Rd3 h5 26. Nc2 f4 27. f3 Qg6 28. Qd2 Re6 29. Re1 Rae8 30. Rd8 Rxd8 31. Qxd8+ Bf8 32. Rxe6 fxe6 33. Ne1 gxf3 34. Nxf3 Qb1+ 35. Kf2 Qxb2+ 36. Qd2 Bc5+ 37. Ke2 Qxd2+ 38. Kxd2 Kf7 39. Kd3 Kf6 40. Ke4 Bd6 41. c4 Bb8 42. Nd4 Bd6 43. Ne2 Kg5 44. Nd4 Kf6 45. Ne2 e5 46. Nc3 Ke6 47. Nd5 Bc5 48. Nc7+ Kd6 49. Nxa6 h4 50. h3 Ba3 51. Kf5 Kc6 52. Kxe5 Kb7 53. c5 Kxa6 54. cxb6 Kxb6 55. Kxf4 Bd6+ 56. Kf3 Bg3 57. Ke2 Ka5 58. Kf1 Kxa4 59. Kg1 Kb3 60. Kf1 Kc3 61. Ke2 Kc2 62. Kf1 Kd2 63. Kg1 Ke2 64. Kh1 Bd6 0-1

[Event "BSV - Berliner Einzelmeisterschaft 2025 "]
[Site "Berlin, Germany"]
[Date "2025.04.25"]
[Round "7.8"]
[White "Noeldner, Julian"]
[Black "Berger, Steve"]
[Result "0-1"]
[ECO "C01"]
[WhiteElo "2279"]
[BlackElo "2425"]
[PlyCount "156"]
[GameId "2170635390021804"]
[EventDate "2025.??.??"]
[TimeControl "40/6600:1800+30"]

1. e4 e6 2. d4 d5 3. exd5 exd5 4. Nf3 Nf6 5. Bd3 c5 6. c3 Bd6 7. dxc5 Bxc5 8. O-O O-O 9. Bf4 Nc6 10. Nbd2 h6 11. h3 Nh5 12. Bh2 Qf6 13. Nb3 Bb6 14. Nfd4 Nf4 15. Bxf4 Qxf4 16. Qf3 Qg5 17. Qg3 Qxg3 18. fxg3 Re8 19. Rfe1 Bd7 20. Kf1 g6 21. Nf3 Kg7 22. Nbd4 Kf6 23. g4 Bc7 24. Rxe8 Rxe8 25. Re1 Rh8 26. Kf2 Nd8 27. Bb5 Bc8 28. Nc2 Ne6 29. Nb4 Rd8 30. Rd1 Bb6+ 31. Kf1 Nc7 32. Ba4 a5 33. Nc2 Na6 34. Bb5 Nc5 35. Ncd4 Ne4 36. Bd3 h5 37. gxh5 Ng3+ 38. Kf2 Nxh5 39. Re1 Bc7 40. Ne2 g5 41. g4 Nf4 42. Nxf4 Bxf4 43. Nd4 Rh8 44. Kg2 Bd7 45. Bb5 Be6 46. Ba4 Rd8 47. Bb3 Ke7 48. Nf5+ Kd7 49. Rd1 Kc6 50. Nd4+ Kc5 51. Re1 Rd6 52. a4 Rb6 53. Kf3 Bc7 54. Nb5 Bd8 55. Bc2 Bd7 56. Bd3 Rf6+ 57. Kg2 Rf4 58. b3 Bf6 59. Rf1 Rxf1 60. Kxf1 d4 61. cxd4+ Bxd4 62. Bc4 f6 63. Ke2 Bc6 64. Kd3 Be5 65. Nc3 Bxc3 66. Kxc3 Bg2 67. Be6 Bxh3 68. Kd3 Bg2 69. Kc3 b6 70. Bc8 Bf3 71. Bf5 Bd1 72. Bc8 Kd5 73. Bd7 Kd6 74. Bc8 Ke5 75. Bd7 Kf4 76. b4 Bxg4 77. Be8 axb4+ 78. Kxb4 Be2 0-1

[Event "BSV - Berliner Einzelmeisterschaft 2025 "]
[Site "Berlin, Germany"]
[Date "2025.04.25"]
[Round "7.9"]
[White "Poltorak, Sebastian"]
[Black "Niehaus, Frank"]
[Result "1-0"]
[ECO "B25"]
[WhiteElo "2417"]
[BlackElo "2126"]
[PlyCount "73"]
[GameId "2170635390021812"]
[EventDate "2025.??.??"]
[TimeControl "40/6600:1800+30"]

1. e4 d6 2. Nc3 Nf6 3. g3 g6 4. Bg2 Bg7 5. Nge2 O-O 6. O-O c5 7. d3 Nc6 8. h3 Rb8 9. g4 b5 10. Ng3 b4 11. Nce2 a5 12. Rb1 a4 13. b3 Nd7 14. f4 Bb7 15. g5 Ra8 16. Bb2 axb3 17. axb3 Bxb2 18. Rxb2 Qb6 19. Kh1 Ra5 20. Qd2 Rfa8 21. h4 Nd4 22. Bh3 Nb8 23. Nxd4 cxd4 24. Rbb1 Nc6 25. h5 Qc5 26. f5 Bc8 27. hxg6 hxg6 28. Qf2 Ne5 29. fxg6 Bxh3 30. gxf7+ Kf8 31. Qh2 Ng6 32. Qxh3 Qxg5 33. Nf5 Nf4 34. Rxf4 Qxf4 35. Qh8+ Kxf7 36. Qg7+ Ke6 37. Qxe7# 1-0

[Event "BSV - Berliner Einzelmeisterschaft 2025 "]
[Site "Berlin, Germany"]
[Date "2025.04.25"]
[Round "7.10"]
[White "Rose, Daniel"]
[Black "Heerde, Thomas"]
[Result "1-0"]
[ECO "E81"]
[WhiteElo "2022"]
[BlackElo "1983"]
[PlyCount "109"]
[GameId "2170635390021797"]
[EventDate "2025.??.??"]
[TimeControl "40/6600:1800+30"]

1. d4 Nf6 2. c4 g6 3. Nc3 Bg7 4. e4 O-O 5. f3 d6 6. Bg5 c5 7. d5 a6 8. Qd2 Qa5 9. h4 e6 10. Nh3 exd5 11. cxd5 Re8 12. Nf2 b5 13. Be2 Nh5 14. O-O Ng3 15. Rfe1 Nxe2+ 16. Rxe2 Nd7 17. Ng4 Bd4+ 18. Kh1 h5 19. Nh6+ Kg7 20. g4 Ne5 21. Qf4 Qc7 22. Bf6+ Kh7 23. Nf5 Bxf5 24. exf5 Nd3 25. Qd2 Bxf6 26. Ne4 Rxe4 27. Rxe4 c4 28. fxg6+ fxg6 29. Re6 Rf8 30. gxh5 gxh5 31. Rg1 Qf7 32. Qe3 Ne5 33. Qe4+ Kh8 34. Qf4 Bg7 35. Rh6+ Kg8 36. Qxf7+ Rxf7 37. Rxd6 Nxf3 38. Rg3 Kh7 39. Rc6 Nd2 40. d6 Ne4 41. Re3 Nf2+ 42. Kg2 Ng4 43. Re7 Rf2+ 44. Kg3 Rxb2 45. Rcc7 Nf6 46. Rxg7+ Kh6 47. d7 Rd2 48. Re7 Kg6 49. Rc6 c3 50. Ree6 Rxd7 51. Rxf6+ Kg7 52. Rfd6 Rxd6 53. Rxd6 a5 54. Rd5 b4 55. Rxa5 1-0

[Event "BSV - Berliner Einzelmeisterschaft 2025 "]
[Site "Berlin, Germany"]
[Date "2025.04.25"]
[Round "7.11"]
[White "Verbitsky, Jaroslaw"]
[Black "Richter, Michael"]
[Result "1-0"]
[ECO "C01"]
[WhiteElo "2065"]
[BlackElo "2402"]
[PlyCount "129"]
[GameId "2170635390021800"]
[EventDate "2025.??.??"]
[TimeControl "40/6600:1800+30"]

1. e4 e6 2. d4 d5 3. exd5 exd5 4. Nf3 Nf6 5. Bd3 Bd6 6. Qe2+ Qe7 7. Qxe7+ Bxe7 8. Bf4 Bd6 9. Bxd6 cxd6 10. Nbd2 Nc6 11. c3 Be6 12. O-O Kd7 13. Nh4 g5 14. Nf5 Bxf5 15. Bxf5+ Kc7 16. f4 g4 17. Rfe1 Rae8 18. Kf2 Ne7 19. Bd3 h5 20. Re2 Ng6 21. Rxe8 Rxe8 22. Bxg6 fxg6 23. Re1 Rxe1 24. Kxe1 Kd7 25. Ke2 Ke6 26. g3 Nh7 27. a4 Nf8 28. b3 Kf5 29. Kd3 g5 30. fxg5 Ne6 31. c4 dxc4+ 32. Nxc4 Nxg5 33. Nxd6+ Ke6 34. Nxb7 Kd5 35. Nc5 Nf3 36. Ne4 Ne1+ 37. Kd2 Nf3+ 38. Kd3 Ne1+ 39. Kd2 Nf3+ 40. Ke3 Nxd4 41. Nf6+ Ke5 42. Nd7+ Kd5 43. b4 Ne6 44. Kd3 Ng7 45. Nf8 Ke5 46. Ng6+ Kf5 47. Nf4 h4 48. Kd4 hxg3 49. hxg3 Kf6 50. Kd5 Nf5 51. Kc6 Nxg3 52. Kb7 Ke5 53. Ng2 Ne4 54. Kxa7 Nc3 55. a5 Kd4 56. a6 Kc4 57. Kb6 Nb5 58. Ka5 Na7 59. Ne3+ Kd4 60. Nxg4 Kd5 61. Kb6 Nc8+ 62. Kc7 Na7 63. Kb7 Nb5 64. Ne3+ Kd4 65. a7 1-0

[Event "BSV - Berliner Einzelmeisterschaft 2025 "]
[Site "Berlin, Germany"]
[Date "2025.04.25"]
[Round "7.12"]
[White "Nogly, Christoph"]
[Black "Brustkern, Juergen"]
[Result "1/2-1/2"]
[ECO "A87"]
[WhiteElo "2203"]
[BlackElo "2093"]
[PlyCount "38"]
[GameId "2170635390021802"]
[EventDate "2025.??.??"]
[TimeControl "40/6600:1800+30"]

1. d4 f5 2. Nf3 Nf6 3. c4 d6 4. g3 g6 5. Bg2 Bg7 6. O-O O-O 7. Nc3 Qe8 8. d5 a5 9. Nd4 Na6 10. Rb1 Nc5 11. Ndb5 Qd8 12. Be3 Bd7 13. h3 c6 14. Nd4 Rc8 15. Kh2 h6 16. Nb3 Na6 17. Qd2 Kh7 18. Na4 c5 19. Nc3 a4 1/2-1/2

[Event "BSV - Berliner Einzelmeisterschaft 2025 "]
[Site "Berlin, Germany"]
[Date "2025.04.25"]
[Round "7.13"]
[White "Foerster, Jonas"]
[Black "Pererva, Viktor"]
[Result "1/2-1/2"]
[ECO "B50"]
[WhiteElo "2266"]
[BlackElo "2017"]
[PlyCount "93"]
[GameId "2170635390021798"]
[EventDate "2025.??.??"]
[TimeControl "40/6600:1800+30"]

1. Nf3 c5 2. e4 d6 3. Bc4 Nf6 4. d3 Nc6 5. Bg5 e6 6. O-O Be7 7. Nc3 h6 8. Bd2 O-O 9. Bb3 a6 10. Re1 b5 11. a4 b4 12. Ne2 a5 13. Ng3 d5 14. Qe2 Re8 15. e5 Nd7 16. c3 Ba6 17. Bc2 Rb8 18. Nh5 Bf8 19. h4 g6 20. Ng3 Bg7 21. Bf4 bxc3 22. bxc3 d4 23. c4 Qc7 24. Ne4 Ncxe5 25. Nxe5 Bxe5 26. Nxc5 Qxc5 27. Bxe5 Nxe5 28. Qxe5 Rec8 29. Bd1 h5 30. Qf6 Qd6 31. Bxh5 Qd8 32. Rxe6 Qxf6 33. Rxf6 Bxc4 34. Bg4 Kg7 35. Rd6 f5 36. Be2 Rb2 37. Bf1 Bb3 38. Rxd4 Rcc2 39. Rd7+ Kh6 40. Ra7 Rxf2 41. Rxa5 Ra2 42. Rb1 Bxa4 43. Rb6 Be8 44. Re5 Bf7 45. Rb7 Rf4 46. Rxf7 Ra1 47. Re3 1/2-1/2

[Event "BSV - Berliner Einzelmeisterschaft 2025 "]
[Site "Berlin, Germany"]
[Date "2025.04.25"]
[Round "7.14"]
[White "Kreutz, Jonas"]
[Black "Matthes, Aaron"]
[Result "1/2-1/2"]
[ECO "B67"]
[WhiteElo "2107"]
[BlackElo "2253"]
[PlyCount "141"]
[GameId "2170635390021808"]
[EventDate "2025.??.??"]
[TimeControl "40/6600:1800+30"]

1. e4 c5 2. Nf3 d6 3. d4 cxd4 4. Nxd4 Nf6 5. Nc3 Nc6 6. Bg5 e6 7. Qd2 a6 8. O-O-O Bd7 9. Kb1 Be7 10. Nxc6 Bxc6 11. f3 h6 12. Be3 O-O 13. Rg1 b5 14. Ne2 Qc7 15. g4 Nh7 16. Nd4 Bb7 17. g5 Bxg5 18. Bxg5 hxg5 19. h4 d5 20. exd5 Bxd5 21. hxg5 Rfd8 22. Bd3 g6 23. Qf2 Qc5 24. c3 e5 25. Rh1 Qf8 26. Nc2 Qg7 27. Qg3 Rd6 28. Rh2 Bc4 29. Rhd2 Rad8 30. Ne1 Nf8 31. Qg2 Ne6 32. Bxc4 Rxd2 33. Rxd2 Rxd2 34. Qxd2 bxc4 35. Qd6 Qh8 36. a4 Qh1 37. Qxe5 Nxg5 38. Ka2 Nxf3 39. Qe4 Qxe1 40. Qxf3 Qe6 41. Qa8+ Kg7 42. Qd8 Qc6 43. a5 Qe6 44. Qd4+ f6 45. Qa7+ Kf8 46. Qb6 Ke7 47. Qc5+ Qd6 48. Qxc4 g5 49. Kb3 f5 50. Kc2 g4 51. Qg8 Qh2+ 52. Kd3 Qd6+ 53. Ke3 Qe5+ 54. Kd3 g3 55. Qh7+ Kd6 56. Qg6+ Kd7 57. Qf7+ Kc6 58. Qc4+ Kb7 59. Qf7+ Kc8 60. Qf8+ Kd7 61. Qf7+ Kd6 62. Qg6+ Ke7 63. Qh7+ Kf8 64. Qh6+ Qg7 65. Qxg7+ Kxg7 66. Ke3 Kf6 67. Kf3 f4 68. b4 Ke5 69. c4 Kd6 70. b5 axb5 71. cxb5 1/2-1/2

[Event "BSV - Berliner Einzelmeisterschaft 2025 "]
[Site "Berlin, Germany"]
[Date "2025.04.25"]
[Round "7.15"]
[White "Torosyan, Bagrat"]
[Black "Vollmar, Timo"]
[Result "1-0"]
[ECO "B32"]
[WhiteElo "2145"]
[BlackElo "1882"]
[PlyCount "27"]
[GameId "2170635390021799"]
[EventDate "2025.??.??"]
[TimeControl "40/6600:1800+30"]

1. e4 c5 2. Nf3 Nc6 3. d4 cxd4 4. Nxd4 e5 5. Nb5 d6 6. N1c3 Be7 7. Nd5 Nf6 8. Nbc7+ Kf8 9. Nxa8 Nxd5 10. exd5 Nd4 11. c3 Nf5 12. Qa4 a6 13. Qc4 b5 14. Qc6 1-0

[Event "BSV - Berliner Einzelmeisterschaft 2025 "]
[Site "Berlin, Germany"]
[Date "2025.04.25"]
[Round "7.1"]
[White "Boettcher, Patrick"]
[Black "Alten, Silvio"]
[Result "0-1"]
[ECO "D36"]
[WhiteElo "2051"]
[BlackElo "1980"]
[PlyCount "46"]
[GameId "2170635390021803"]
[EventDate "2025.??.??"]
[TimeControl "40/6600:1800+30"]

1. d4 d5 2. c4 e6 3. Nc3 Nf6 4. cxd5 exd5 5. Bg5 c6 6. e3 h6 7. Bh4 Be7 8. Bd3 O-O 9. Qc2 Re8 10. Nge2 Nbd7 11. O-O a5 12. f3 b5 13. Rae1 Ba6 14. e4 b4 15. Na4 Bxd3 16. Qxd3 dxe4 17. fxe4 Nxe4 18. Bg3 Bf6 19. Rd1 Nb6 20. Nxb6 Qxb6 21. Kh1 Rad8 22. Qf3 Qb5 23. h4 Qxe2 0-1

[Event "BSV - Berliner Einzelmeisterschaft 2025 "]
[Site "Berlin, Germany"]
[Date "2025.04.26"]
[Round "8.1"]
[White "Vavulin, Maxim"]
[Black "Polzin, Rainer"]
[Result "1-0"]
[ECO "B15"]
[WhiteElo "2527"]
[BlackElo "2401"]
[PlyCount "91"]
[GameId "2170993180868639"]
[EventDate "2025.??.??"]
[TimeControl "40/6600:1800+30"]

1. e4 c6 2. d4 d5 3. Nd2 dxe4 4. Nxe4 Nf6 5. Nxf6+ exf6 6. Nf3 Bd6 7. g3 O-O 8. Bg2 Qa5+ 9. c3 Re8+ 10. Be3 Qa6 11. Qe2 Qxe2+ 12. Kxe2 Bf5 13. Nd2 Nd7 14. c4 c5 15. Nb3 cxd4 16. Nxd4 Bg4+ 17. Kd2 Ne5 18. Kc3 Rac8 19. b3 b6 20. h3 Bd7 21. Rad1 Bc5 22. Nc2 Bxe3 23. Nxe3 b5 24. Rd4 bxc4 25. bxc4 Bc6 26. Bxc6 Nxc6 27. Rd7 g6 28. Rb1 Ne5 29. Rd6 Re7 30. Rxf6 Rec7 31. Rf4 Kg7 32. Rb5 Nc6 33. Nd5 Rd7 34. Rc5 Rd6 35. Nb4 h5 36. Rxc6 Rdxc6 37. Nxc6 Rxc6 38. Re4 Kf8 39. Re2 f5 40. Kd4 Rd6+ 41. Kc5 Rd3 42. h4 Kf7 43. Kc6 f4 44. gxf4 Rh3 45. c5 Rxh4 46. Kb7 1-0

[Event "BSV - Berliner Einzelmeisterschaft 2025 "]
[Site "Berlin, Germany"]
[Date "2025.04.26"]
[Round "8.2"]
[White "Bueyuekasik, Diyap"]
[Black "Czernek, Tymon"]
[Result "1/2-1/2"]
[ECO "D02"]
[WhiteElo "2236"]
[BlackElo "2374"]
[PlyCount "135"]
[GameId "2170993180868641"]
[EventDate "2025.??.??"]
[TimeControl "40/6600:1800+30"]

1. Nf3 d5 2. g3 c5 3. d4 cxd4 4. Nxd4 g6 5. Bg2 Bg7 6. Nc3 e6 7. O-O Ne7 8. e4 e5 9. Nb3 d4 10. Nd5 O-O 11. c3 Nxd5 12. exd5 Qb6 13. cxd4 exd4 14. Bg5 Na6 15. Qd2 Re8 16. Bh6 Bf6 17. Bg5 Bg7 18. Bh6 Bf6 19. Rad1 Bg4 20. Rc1 Rad8 21. Rce1 Qb4 22. Rxe8+ Rxe8 23. Qf4 Bf5 24. Qf3 d3 25. Bd2 Qd6 26. g4 Bd7 27. Qxd3 Bxg4 28. Be3 Bd8 29. Bd4 h5 30. Qg3 Qd7 31. Qf4 g5 32. Qd2 h4 33. Re1 h3 34. Rxe8+ Qxe8 35. f3 Bh5 36. Bxh3 Bxf3 37. d6 Qe4 38. Qe3 b6 39. Qxe4 Bxe4 40. Bc3 Kf8 41. Bc8 Nc5 42. Nxc5 bxc5 43. a4 a5 44. Bd2 Bc6 45. Be3 c4 46. Ba6 Bd5 47. Bb5 f5 48. Bd7 f4 49. Bc5 Kf7 50. Bg4 Be6 51. Bh5+ Kf6 52. Bd4+ Kf5 53. Bf3 Bd7 54. Bd5 Bxa4 55. Bxc4 Ke4 56. Bc5 Bd7 57. b4 axb4 58. Bxb4 Bb6+ 59. Kg2 Bc6 60. Kf1 f3 61. Be1 Bd7 62. Bf2 Ba5 63. Bc5 Bc3 64. Ba6 g4 65. Kf2 Bf6 66. Bb7+ Kf4 67. Be3+ Kf5 68. Bxf3 1/2-1/2

[Event "BSV - Berliner Einzelmeisterschaft 2025 "]
[Site "Berlin, Germany"]
[Date "2025.04.26"]
[Round "8.3"]
[White "Hesse, Henrik"]
[Black "Klenburg, Mikhail"]
[Result "0-1"]
[ECO "E68"]
[WhiteElo "2252"]
[BlackElo "2338"]
[PlyCount "66"]
[GameId "2170993180868640"]
[EventDate "2025.??.??"]
[TimeControl "40/6600:1800+30"]

1. c4 e5 2. g3 d6 3. Bg2 g6 4. Nc3 Bg7 5. Nf3 Nf6 6. d4 Nbd7 7. O-O O-O 8. e4 c6 9. d5 cxd5 10. cxd5 a6 11. a4 Nc5 12. Qc2 Qb6 13. Nd2 Bd7 14. b3 Rfc8 15. Rb1 Qc7 16. Bb2 b5 17. axb5 axb5 18. b4 Na4 19. Rfc1 Bh6 20. Qd1 Nxb2 21. Rxb2 Qb6 22. Rcc2 Ng4 23. Ndb1 Ra1 24. Qf3 f5 25. Bh3 Qd4 26. Kg2 fxe4 27. Nxe4 Rf8 28. Bxg4 Rxf3 29. Bxf3 Bf5 30. Nbc3 Qd3 31. Re2 Rg1+ 32. Kxg1 Qxf3 33. g4 Bxg4 0-1

[Event "BSV - Berliner Einzelmeisterschaft 2025 "]
[Site "Berlin, Germany"]
[Date "2025.04.26"]
[Round "8.4"]
[White "Yatskar, Martin"]
[Black "Florstedt, Johannes"]
[Result "1/2-1/2"]
[ECO "E60"]
[WhiteElo "2169"]
[BlackElo "2382"]
[PlyCount "122"]
[GameId "2170993180868637"]
[EventDate "2025.??.??"]
[TimeControl "40/6600:1800+30"]

1. d4 Nf6 2. c4 g6 3. h4 c5 4. d5 d6 5. Nc3 e6 6. e4 exd5 7. exd5 Bg7 8. Be2 Nbd7 9. Nf3 O-O 10. Bf4 Re8 11. O-O Ne4 12. Nxe4 Rxe4 13. Bxd6 Qf6 14. Bd3 Re8 15. Bg3 Qxb2 16. Rb1 Qxa2 17. Re1 Nf6 18. Rxe8+ Nxe8 19. Qe1 Qa4 20. Rb5 Qa1 21. Rb1 Qa4 22. Rb5 Qa1 23. Bb1 Bd7 24. Rxb7 Nf6 25. Qe5 Qa6 26. Rb8+ Rxb8 27. Qxb8+ Be8 28. Ne5 Bf8 29. Bf4 Qb6 30. Nc6 Qxb8 31. Bxb8 a6 32. Bc7 Bxc6 33. dxc6 Ne8 34. Bb6 Bd6 35. g4 Kf8 36. Kg2 Ke7 37. Be4 Nc7 38. Kf3 Ne6 39. Bd5 Bc7 40. Bxe6 Bxb6 41. Bd5 h5 42. gxh5 gxh5 43. Kf4 a5 44. Kg5 a4 45. Be4 a3 46. Bb1 Kd6 47. Kxh5 Bd8 48. Kg4 Kxc6 49. h5 Bf6 50. Kf5 Bd4 51. f3 Kd6 52. h6 Ke7 53. h7 Kf8 54. Ke4 Kg7 55. Kd5 f5 56. Kc6 Kxh7 57. Bxf5+ Kh6 58. Bb1 Kg5 59. Kb5 Kf4 60. Ka4 Bb2 61. Kb5 Bd4 1/2-1/2

[Event "BSV - Berliner Einzelmeisterschaft 2025 "]
[Site "Berlin, Germany"]
[Date "2025.04.26"]
[Round "8.5"]
[White "Ermitsch, Magnus"]
[Black "Rose, Daniel"]
[Result "1-0"]
[ECO "C14"]
[WhiteElo "2401"]
[BlackElo "2022"]
[PlyCount "55"]
[GameId "2170993180876837"]
[EventDate "2025.??.??"]
[TimeControl "40/6600:1800+30"]

1. e4 e6 2. d4 d5 3. Nc3 Nf6 4. Bg5 Be7 5. e5 Nfd7 6. h4 h6 7. Bxe7 Qxe7 8. f4 a6 9. Qg4 f5 10. Qf3 c5 11. Nge2 Nc6 12. O-O-O b5 13. g4 cxd4 14. Nxd4 Nxd4 15. Rxd4 Qc5 16. Ne2 fxg4 17. Qxg4 Nf8 18. Qxg7 Rh7 19. Qg3 Rc7 20. Rd2 Bb7 21. Nd4 O-O-O 22. Bh3 Qc4 23. Kb1 Qb4 24. Rhd1 Kb8 25. Bxe6 Bc8 26. Bxc8 Rdxc8 27. f5 Rc3 28. Qf4 1-0

[Event "BSV - Berliner Einzelmeisterschaft 2025 "]
[Site "Berlin, Germany"]
[Date "2025.04.26"]
[Round "8.6"]
[White "Berger, Steve"]
[Black "Matviienko, Mykhailo"]
[Result "1-0"]
[ECO "B04"]
[WhiteElo "2425"]
[BlackElo "2158"]
[PlyCount "77"]
[GameId "2170993180876839"]
[EventDate "2025.??.??"]
[TimeControl "40/6600:1800+30"]

1. e4 Nf6 2. e5 Nd5 3. d4 d6 4. Nf3 Nb6 5. Be2 Nc6 6. exd6 exd6 7. d5 Ne5 8. O-O Nxf3+ 9. Bxf3 Be7 10. a4 O-O 11. a5 Nd7 12. Re1 Ne5 13. Be2 Ng6 14. a6 Bg5 15. Nc3 Bxc1 16. Qxc1 c5 17. axb7 Bxb7 18. Ba6 Qb6 19. Bxb7 Qxb7 20. Ra4 Rfe8 21. Rae4 Rec8 22. h4 h6 23. R1e3 Rab8 24. h5 Ne5 25. Rg3 Kf8 26. Qf4 Qd7 27. Nd1 Rb4 28. Ne3 Qa4 29. c4 Rxb2 30. Rxg7 Rc7 31. Qxh6 Qa1+ 32. Kh2 Rxf2 33. Rg5+ Ke7 34. Rexe5+ dxe5 35. d6+ Kd7 36. dxc7 Qd4 37. c8=Q+ Kxc8 38. Qc6+ Kd8 39. Rg8+ 1-0

[Event "BSV - Berliner Einzelmeisterschaft 2025 "]
[Site "Berlin, Germany"]
[Date "2025.04.26"]
[Round "8.7"]
[White "Ahmadinia, Ebrahim"]
[Black "Poltorak, Sebastian"]
[Result "1-0"]
[ECO "B18"]
[WhiteElo "2396"]
[BlackElo "2417"]
[PlyCount "67"]
[GameId "2170993179365404"]
[EventDate "2025.??.??"]
[TimeControl "40/6600:1800+30"]

1. e4 c6 2. d4 d5 3. Nc3 dxe4 4. Nxe4 Bf5 5. Ng3 Bg6 6. h4 h6 7. Be3 Qb6 8. Qc1 Nf6 9. Nf3 Nbd7 10. h5 Bh7 11. c4 Ng4 12. c5 Qc7 13. Bd2 e5 14. Rh4 f5 15. b4 Be7 16. Rh3 Bf6 17. Ne2 O-O-O 18. d5 Nxc5 19. bxc5 Rxd5 20. Qa3 Kb8 21. Nc3 Rd7 22. Rb1 e4 23. Ba6 Qc8 24. Bf4+ Ka8 25. Be2 Bxc3+ 26. Qxc3 exf3 27. Rxf3 Re8 28. Kf1 Rde7 29. Qa5 Ne5 30. Ra3 Qb8 31. Rb4 Rd7 32. f3 Bg8 33. Rba4 a6 34. Bxa6 1-0

[Event "BSV - Berliner Einzelmeisterschaft 2025 "]
[Site "Berlin, Germany"]
[Date "2025.04.26"]
[Round "8.8"]
[White "Jahnz, Laurin"]
[Black "Verbitsky, Jaroslaw"]
[Result "1-0"]
[ECO "B11"]
[WhiteElo "2192"]
[BlackElo "2065"]
[PlyCount "133"]
[GameId "2170993180876842"]
[EventDate "2025.??.??"]
[TimeControl "40/6600:1800+30"]

1. e4 c6 2. Nc3 d5 3. Nf3 Bg4 4. h3 Bxf3 5. Qxf3 e6 6. d4 Nf6 7. a3 dxe4 8. Qe3 Qa5 9. Bd2 Bb4 10. Nxe4 Bxd2+ 11. Nxd2 Nbd7 12. O-O-O O-O 13. g4 Nd5 14. Qg3 b5 15. Bd3 c5 16. Nb3 Qb6 17. dxc5 Nxc5 18. Nxc5 Qxc5 19. Be4 Rac8 20. Rd2 Nb6 21. Qe3 Qe7 22. Bd3 Nc4 23. Bxc4 Rxc4 24. Rhd1 Rfc8 25. Qxa7 Kf8 26. Qxe7+ Kxe7 27. c3 Rf4 28. Rd7+ Kf6 29. R1d2 Rcc4 30. Rb7 Rc5 31. Kd1 h5 32. Ke2 Re5+ 33. Kf1 hxg4 34. hxg4 Rxg4 35. Rdd7 g6 36. Rxf7+ Kg5 37. Rf8 Rc4 38. Rfb8 Rcc5 39. Kg2 Kf4 40. Rf8+ Ke4 41. Rd8 Rc4 42. Rdb8 Rcc5 43. Rd8 Rc4 44. Rd1 Kf4 45. Rd3 Rce4 46. Rf7+ Rf5 47. Rf3+ Kg5 48. R3xf5+ gxf5 49. Rb7 Re5 50. Kg3 Kf6 51. f3 Rd5 52. Kf4 Rc5 53. Ke3 Ke5 54. Rd7 Rc4 55. Rd4 f4+ 56. Kd3 Rc5 57. a4 bxa4 58. Rxa4 Rb5 59. Re4+ Kf5 60. b4 Rd5+ 61. Kc4 Rd1 62. Rd4 Rf1 63. Rd3 e5 64. b5 Rxf3 65. Rxf3 e4 66. Rf1 e3 67. Kd3 1-0

[Event "BSV - Berliner Einzelmeisterschaft 2025 "]
[Site "Berlin, Germany"]
[Date "2025.04.26"]
[Round "8.9"]
[White "Heerde, Thomas"]
[Black "Krefenstein, Sergej"]
[Result "1/2-1/2"]
[ECO "A08"]
[WhiteElo "1983"]
[BlackElo "2013"]
[PlyCount "91"]
[GameId "2170993180876838"]
[EventDate "2025.??.??"]
[TimeControl "40/6600:1800+30"]

1. e4 e6 2. d3 d5 3. Nd2 c5 4. Ngf3 Nc6 5. g3 Bd6 6. Bg2 Nge7 7. O-O O-O 8. Re1 Qc7 9. Qe2 f6 10. c3 d4 11. Nc4 e5 12. a4 Be6 13. Nfd2 b6 14. Rf1 a6 15. Nxd6 Qxd6 16. f4 dxc3 17. bxc3 Rfd8 18. Rb1 Rab8 19. f5 Bf7 20. Qg4 Qxd3 21. Nf3 h5 22. Qh4 Qxb1 23. Ng5 Rd3 24. Nxf7 Kxf7 25. Qxh5+ Kg8 26. g4 Qb3 27. g5 Rbd8 28. gxf6 gxf6 29. Bh6 Qf7 30. Qg4+ Kh7 31. Qh4 Rh8 32. Bf3 Ng6 33. Qh5 Nce7 34. Be2 Rdd8 35. Kh1 Kg8 36. fxg6 Qe6 37. Qh4 Nxg6 38. Rg1 Kf7 39. Rxg6 Kxg6 40. Qh5+ Kh7 41. Bg4 Qxg4 42. Qxg4 Kxh6 43. Qe6 Kg6 44. Kg2 Rd2+ 45. Kg3 Rhxh2 46. Qg8+ 1/2-1/2

[Event "BSV - Berliner Einzelmeisterschaft 2025 "]
[Site "Berlin, Germany"]
[Date "2025.04.26"]
[Round "8.10"]
[White "Brustkern, Juergen"]
[Black "Noeldner, Julian"]
[Result "1/2-1/2"]
[ECO "E60"]
[WhiteElo "2093"]
[BlackElo "2279"]
[PlyCount "46"]
[GameId "2170993180868643"]
[EventDate "2025.??.??"]
[TimeControl "40/6600:1800+30"]

1. c4 g6 2. d4 Nf6 3. h4 Bg7 4. e3 c5 5. d5 d6 6. Nc3 e6 7. Be2 exd5 8. cxd5 Nbd7 9. h5 Nxh5 10. Bxh5 gxh5 11. Nge2 Nf6 12. a4 Bf5 13. f3 Qe7 14. e4 Bg6 15. Bg5 O-O 16. Qd2 Qc7 17. Ng3 a6 18. Bh6 Rfe8 19. Bxg7 Kxg7 20. Qg5 Qd7 21. Rxh5 Ng8 22. Nf5+ Qxf5 23. Qxf5 Bxf5 1/2-1/2

[Event "BSV - Berliner Einzelmeisterschaft 2025 "]
[Site "Berlin, Germany"]
[Date "2025.04.26"]
[Round "8.11"]
[White "Niehaus, Frank"]
[Black "Jahnz, Fabian"]
[Result "0-1"]
[ECO "D37"]
[WhiteElo "2126"]
[BlackElo "2242"]
[PlyCount "86"]
[GameId "2170993180868644"]
[EventDate "2025.??.??"]
[TimeControl "40/6600:1800+30"]

1. d4 Nf6 2. c4 e6 3. Nc3 d5 4. Nf3 h6 5. e3 Be7 6. Bd3 O-O 7. O-O b6 8. b3 Bb7 9. Qc2 Nbd7 10. e4 dxe4 11. Nxe4 c5 12. Bb2 Nxe4 13. Bxe4 Bxe4 14. Qxe4 Bf6 15. Rad1 Qc7 16. Bc1 cxd4 17. Nxd4 Nc5 18. Qf3 Bxd4 19. Rxd4 Rad8 20. Rfd1 Rxd4 21. Rxd4 Rd8 22. Qd1 Rxd4 23. Qxd4 Qd7 24. Qxd7 Nxd7 25. Kf1 Kf8 26. Ke2 Ke7 27. Ba3+ Kf6 28. b4 e5 29. b5 Ke6 30. Bb4 f5 31. a4 e4 32. Ke3 Ne5 33. Kd4 Nd3 34. Bf8 Nxf2 35. Bxg7 f4 36. Bxh6 Kf5 37. Bf8 Nd3 38. h4 Ne1 39. h5 e3 40. h6 e2 41. h7 Nf3+ 42. Kd5 e1=Q 43. h8=Q Qe6# 0-1

[Event "BSV - Berliner Einzelmeisterschaft 2025 "]
[Site "Berlin, Germany"]
[Date "2025.04.26"]
[Round "8.12"]
[White "Kreutz, Jonas"]
[Black "Nogly, Christoph"]
[Result "1-0"]
[ECO "C58"]
[WhiteElo "2107"]
[BlackElo "2203"]
[PlyCount "95"]
[GameId "2170993180876840"]
[EventDate "2025.??.??"]
[TimeControl "40/6600:1800+30"]

1. e4 e5 2. Nf3 Nc6 3. Bc4 Nf6 4. Ng5 d5 5. exd5 Na5 6. Bb5+ Bd7 7. Qe2 Bd6 8. Bxd7+ Qxd7 9. Nc3 c6 10. dxc6 Nxc6 11. d3 Nd4 12. Qd1 Rc8 13. O-O O-O 14. Be3 Ba3 15. Bc1 Rc6 16. Nf3 Bd6 17. Bg5 Nxf3+ 18. Qxf3 Ng4 19. Ne4 Bc7 20. h3 f5 21. hxg4 fxe4 22. Qxe4 Rxc2 23. Rac1 Rxc1 24. Rxc1 Bb6 25. Be3 Bxe3 26. Qxe3 Qb5 27. b3 Rd8 28. Qxa7 h6 29. Qc5 Qxd3 30. Qxe5 Qd2 31. Qe6+ Kh7 32. Qf5+ Kg8 33. Rc8 Rxc8 34. Qxc8+ Kh7 35. Qf5+ Kg8 36. Qc8+ Kh7 37. Qxb7 Qe1+ 38. Kh2 Qxf2 39. Qe4+ g6 40. a4 Qh4+ 41. Kg1 h5 42. a5 hxg4 43. b4 Qg5 44. Kf2 Qh4+ 45. Ke2 Qg3 46. a6 Qa3 47. Qe7+ Kh6 48. Qe3+ 1-0